 Dungeon Crawl Stone Soup version 0.31.0-1-g2c135a008e (webtiles) character file.

Game seed: 9845265046963985797

87 qw the Shooter (level 4, -6/35 HPs)
             Began as a Djinni Hunter on Jan 23, 2024.
             Mangled by a gnoll
             ... wielding a +0 halberd
              (10 damage)
             ... on level 2 of the Dungeon.
             The game lasted 00:00:06 (1261 turns).

qw the Shooter (Djinni Hunter)                      Turns: 1261, Time: 00:00:06

Health: -6/35      AC:  4    Str: 10    XL:     4   Next: 80%
Gold:   116        EV: 12    Int: 11    God:
                   SH:  0    Dex: 18

rFire   + + .        a - +0 shortbow
rCold   x . .        (shield currently unavailable)
rNeg    . . .        c - +0 leather armour
rPois   inf          k - +0 helmet
rElec   .            (no cloak)
rCorr   .            (no gloves)
SInv    .            (boots unavailable)
Will    .....        (no amulet)
Stlth   ++           (no ring)
HPRegen 0.25/turn    (no ring)
MPRegen 0.00/turn

%: infuse magic (-7 HP)
@: flying
A: sickness immunity, fire resistance 2, cold vulnerability 1, float, innate
caster, HP casting, extra vitality 1
a: no special abilities


You were on level 2 of the Dungeon.
You visited 1 branch of the dungeon, and saw 2 of its levels.

You collected 116 gold pieces.


Innate Abilities, Weirdness & Mutations

You are immune to sickness and miasma.
You are immune to poison.
Your flesh is very heat resistant. (rF++)
You are vulnerable to cold. (rC-)
You float through the air rather than walking.
You learn spells naturally, not from books.
Your magical power is your life essence.
You have superior vitality. (+4 MHP)


   Skills:
 - Level 3.0 Fighting
 + Level 4.1 Ranged Weapons
 - Level 3.0 Dodging
 - Level 0.7 Stealth


You knew the following spells:

 Your Spells              Type           Power      Damage    Failure   Level
a - Freeze                Ice            0%         1d3       43%         1
Your spell library was empty.

Inventory:

Hand Weapons
 a - a +0 shortbow (weapon)
Armour
 c - a +0 leather armour (worn)
 e - the +3 Mad Mage's Maulers {Infuse+∞ VampMP -Cast}
   (You acquired it on level 1 of the Dungeon)

   Infuse+∞: It empowers its wearer's blows with all of their magic.
   VampMP:    Blows struck in melee replenish the wearer's magic.
   -Cast:     It prevents spellcasting.
 h - a +0 ring mail
 k - a +0 helmet (worn)
Wands
 b - a wand of flame (19)
Potions
 d - a potion of degeneration {unknown}
 f - a potion of might {unknown}
 g - a potion of curing {unknown}
 j - a potion of attraction {unknown}
 m - a potion of cancellation {unknown}
 n - a potion of enlightenment {unknown}

Dungeon Overview and Level Annotations

Branches:
Dungeon (2/15)

Altars:


Message History

Enter note:
There is a stone staircase leading up here.
You reach down and open the door.
A gnoll and 2 jackals come into view.
The gnoll shouts!
You shoot an arrow. The arrow misses the jackal.
The jackal barks!
The arrow hits the gnoll but does no damage.
The jackal closely misses you. The gnoll barely misses you.
You shoot an arrow. The arrow hits the jackal.
The jackal is moderately wounded.
The jackal bites you. x2
The gnoll hits you from afar with a +0 halberd.
You shoot an arrow. The arrow hits the jackal.
The jackal is heavily wounded.
The jackal barely misses you. The gnoll barely misses you.
The jackal barely misses you.
You shoot an arrow.
The arrow hits the jackal but does no damage.
The jackal is moderately wounded.
The jackal bites you but does no damage.
The gnoll hits you from afar with a +0 halberd!
You shoot an arrow. The arrow hits the jackal.
You kill the jackal!
The gnoll hits you but does no damage. The jackal bites you.
You shoot an arrow. The arrow hits the jackal!
You kill the jackal!
The gnoll hits you from afar with a +0 halberd!
The gnoll completely misses you.
You shoot an arrow.
The arrow hits the gnoll but does no damage.
The gnoll hits you from afar with a +0 halberd.
You shoot an arrow. The arrow hits the gnoll.
The gnoll is moderately wounded.
The gnoll hits you from afar with a +0 halberd.
You shoot an arrow.
The arrow hits the gnoll but does no damage.
The gnoll is moderately wounded.
The gnoll hits you from afar with a +0 halberd!
You die...

#.#######.# #.# #.#
#.# #.# #.# #.# #.#
#.# #.# #.#
#.######### #.# #.#
#.##...+ #.###.####
#.# ...# #...#.....
#.# .g+
#######.######
#.####%###..........#
#.#..P@P.......#%##.#
#.#.......####.#.##.#
#.#.##........<..##.#
#.#
#.############.###
#.#
#.##..............
#.#
#.##.######.......
#.# #.##.# #.......
#.# #.##.# #.......
#.# #.##.# #.......


You could see a gnoll.

Vanquished Creatures
  Robin (D:1)
  An adder (D:1)
  A gnoll (D:1)
  2 dart slugs
  4 endoplasms (D:1)
  4 giant cockroaches
  10 goblins
  6 hobgoblins
  5 jackals
  3 kobolds
  A quokka (D:1)
  3 ball pythons
  2 bats (D:1)
  2 rats (D:2)
45 creatures vanquished.

Notes
Turn   | Place    | Note
-------+----------+-------------------------------------------
     0 | D:1      | qw the Djinni Hunter began the quest for the Orb.
     0 | D:1      | Reached XP level 1. HP: 18/18 MP: 0/0
     0 | D:1      | 0 ||| qw: Version: 0.3-a-136-gdd3b4e8
     0 | D:1      | 0 ||| qw: Game counter: 977
     0 | D:1      | 0 ||| qw: Melee chars always use a shield: true
     0 | D:1      | 0 ||| qw: God list: Okawaru
     0 | D:1      | 0 ||| qw: Allow faded altars: false
     0 | D:1      | 0 ||| qw: Do Orc after clearing Dungeon:15 true
     0 | D:1      | 0 ||| qw: Do second Lair branch before Depths: true
     0 | D:1      | 0 ||| qw: Lair rune preference: random
     0 | D:1      | 0 ||| qw: Goals: Normal
     0 | D:1      | 0 ||| PLANNING D:1-11
   184 | D:1      | Reached XP level 2. HP: 23/23 MP: 0/0
   234 | D:1      | Reached skill level 4 in Ranged Weapons
   234 | D:1      | Reached XP level 3. HP: 28/28 MP: 0/0
   234 | D:1      | Learned a level 1 spell: Freeze
   579 | D:1      | 579 ||| UPGRADING to +0 helmet.
   584 | D:1      | 584 ||| READING scroll labelled OXIPLA PINUJID.
   585 | D:1      | 585 ||| READING scroll labelled OMAJIQYITO.
   585 | D:1      | Identified a scroll of acquirement
   585 | D:1      | 585 ||| ACQUIRING +3 Mad Mage's Maulers {Infuse+∞ VampMP
                  | -Cast}
   585 | D:1      | Acquired the +3 Mad Mage's Maulers {Infuse+∞ VampMP -Cast}
   585 | D:1      | Found the +3 Mad Mage's Maulers {Infuse+∞ VampMP -Cast}
   587 | D:1      | 587 ||| READING scroll labelled ZOFYECECKUU.
   588 | D:1      | 588 ||| READING 2 scrolls labelled NOFASHOA WEOKU.
   589 | D:1      | 589 ||| READING 2 scrolls labelled HYANUDOYFU.
   642 | D:1      | 642 ||| DRINKING 2 brown potions.
   643 | D:1      | 643 ||| DROPPING scroll of butterflies.
   644 | D:1      | 644 ||| DROPPING potion of brilliance.
   645 | D:1      | 645 ||| DROPPING scroll of revelation.
   646 | D:1      | 646 ||| DROPPING scroll of torment.
   683 | D:2      | 683 ||| RETREEEEATING.
   685 | D:2      | 685 ||| STAIRDANCE
   704 | D:2      | 704 ||| STAIRDANCE
   706 | D:2      | 706 ||| STAIRDANCE
   713 | D:2      | 713 ||| STAIRDANCE
   734 | D:2      | Noticed Robin
   741 | D:2      | 741 ||| RETREEEEATING.
   742 | D:2      | 742 ||| RETREEEEATING.
   743 | D:2      | 743 ||| STAIRDANCE
   747 | D:1      | Reached XP level 4. HP: 34/34 MP: 0/0
   749 | D:2      | 749 ||| STAIRDANCE
   753 | D:1      | Reached skill level 3 in Fighting
   791 | D:2      | 791 ||| STAIRDANCE
   801 | D:2      | 801 ||| STAIRDANCE
   808 | D:1      | Killed Robin
   840 | D:2      | 840 ||| FLEEEEING.
   920 | D:2      | Reached skill level 3 in Dodging
  1039 | D:2      | Found a faded altar of an unknown god.
  1260 | D:2      | HP: 4/35 [gnoll/+0 halberd (5)]
  1261 | D:2      | Mangled by a gnoll

Levels and vault maps discovered:
D:1:      amcnicky_arrival_underground_garden, layout_loops_cross,
          nicolae_grassy_gnolls
D:2:      layout_basic, basic_altar, hellmonk_ecumenical_altar_lost_god,
          cheibrodos_gnoll_hut, uniq_robin

Skill      XL: |  1  2  3  4 |
---------------+-------------+-----
Ranged Weapons | 4 |  4.1
Fighting       | 3 |  3.0
Dodging        | 3 |  3.0
Stealth        | |  0.7

Action                     |  1- 3 |  4- 6 || total
---------------------------+-------+-------++-------
   Fire: Shortbow          |    58 |    69 ||   127
    Use: Scroll            |     5 |       ||     5
         Potion            |     1 |       ||     1
 Armour: Leather armour    |    17 |    39 ||    56
  Dodge: Dodged            |    23 |    30 ||    53

Table legend:
 A = Non-vault XP
 B = Vault XP
 C = Vault XP percentage of total XP
 D = Non-vault monster count
 E = Vault monster count
 F = Vault count percentage of total count
                 A         B        C        D         E       F
            +---------+---------+-------+---------+---------+-------
      Total |      73 |      52 |  41.6 |      31 |      14 |  31.1
            +---------+---------+-------+---------+---------+-------
        D:1 |      47 |      35 |  42.7 |      18 |       5 |  21.7
        D:2 |      26 |      17 |  39.5 |      13 |       9 |  40.9
            +---------+---------+-------+---------+---------+-------
